 Dungeon Crawl Stone Soup version 0.29.0-11-gd7f09526c8 (webtiles) character file.

Game seed: 10243444483258532621

4905 Flugkiller the Cleaver (level 10, 0/136 HPs)
             Began as a Minotaur Fighter on Sept 4, 2022.
             Was a Follower of Cheibriados.
             Slain by a 13-headed hydra (7 damage)
             ... on level 9 of the Dungeon.
             The game lasted 00:04:06 (9545 turns).

Flugkiller the Cleaver (Minotaur Fighter)           Turns: 9545, Time: 00:04:07

Health: 0/136      AC: 25    Str: 24    XL:     10   Next: 27%
Magic:  10/11      EV:  2    Int:  8    God:    Cheibriados [*.....]
Gold:   425        SH:  5    Dex: 17    Spells: 9/9 levels left

rFire   . . .      SeeInvis .   a - +0 war axe
rCold   . . .      Faith    .   c - +0 buckler
rNeg    . . .      Spirit   .   (body armour currently unavailable)
rPois   +          Reflect  .   (helmet currently unavailable)
rElec   .          Harm     .   (cloak currently unavailable)
rCorr   .          Rampage  .   (gloves currently unavailable)
Will    .....      NoTele   +   (boots currently unavailable)
Stlth   ++........              z - amulet of the acrobat
HPRegen 0.32/turn               A - ring of flight
MPRegen 0.12/turn               (no ring)

@: mighty, tree-form, very slow
A: stationary, stasis, torment immunity, boosted hp, (horns 2), (retaliatory
headbutt)
a: Renounce Religion, Bend Time


You were on level 9 of the Dungeon.
You worshipped Cheibriados.
Cheibriados was aware of your devotion.
You were a tree.
You visited 2 branches of the dungeon, and saw 10 of its levels.

You collected 449 gold pieces.
You spent 24 gold pieces at shops.

Inventory:

Hand Weapons
 a - a +0 war axe (weapon)
Missiles
 D - 2 throwing nets (quivered)
Armour
 c - a +0 buckler (worn)
 i - a +0 plate armour (melded)
   (You found it on level 1 of the Dungeon)
 s - a +0 cloak (melded)
   (You found it on level 2 of the Dungeon)
 t - the +1 pair of gloves of Trumpets (melded) {Str+7}
   (You acquired it on level 4 of the Dungeon)

   Str:       It affects your strength (+7).
Jewellery
 n - an amulet of regeneration
   (You found it on level 5 of the Dungeon)
 z - an amulet of the acrobat (around neck)
   (You found it on level 4 of the Dungeon)
 A - a ring of flight (left branch)
   (You found it on level 4 of the Dungeon)
 E - a ring of magical power
   (You found it on level 5 of the Dungeon)
Wands
 g - a wand of digging (4)
   (You found it on level 5 of the Dungeon)
 h - a wand of charming (13)
   (You found it on level 3 of the Dungeon)
Scrolls
 e - 3 scrolls of enchant weapon
 f - a scroll of immolation
 l - 2 scrolls of magic mapping
 o - 2 scrolls of fear {unknown}
 p - 2 scrolls of enchant armour {unknown}
 r - 3 scrolls of identify
 v - a scroll of torment {unknown}
 y - 3 scrolls of blinking {unknown}
 B - a scroll of vulnerability {unknown}
Potions
 b - 2 potions of haste {unknown}
 d - a potion of might
 j - a potion of lignification
 k - 2 potions of mutation {unknown}
 q - a potion of curing
 u - 2 potions of degeneration {unknown}
 w - 3 potions of heal wounds
 x - a potion of cancellation {unknown}
 F - 4 potions of brilliance {unknown}


   Skills:
 + Level 9.3 Fighting
 * Level 12.3 Axes
 + Level 9.4 Armour
 - Level 3.6 Shields
 + Level 3.2 Invocations
 + Level 2.8 Evocations


You had 9 spell levels left.
You didn't know any spells.
Your spell library was empty.

Dungeon Overview and Level Annotations

Branches:
Dungeon (9/15)             Temple (1/1) D:7
   Lair: D:8-11         Orc: D:9-12

Altars:
Ashenzari
Cheibriados
Elyvilon
Fedhas
Gozag
Hepliaklqana
Kikubaaqudgha
Makhleb
Qazlal
Ru
Sif Muna
Trog
Uskayaw
Vehumet
Xom
Yredelemnul
Zin
The Shining One

Shops:
D:1 ?

Annotations:
D:7 3 runed translucent doors, Plasmagod's ghost, novice HOMo
D:9 exclusion: orange crystal statue


Innate Abilities, Weirdness & Mutations

You are a tree.
Your roots penetrate the ground, keeping you stationary.
You cannot be teleported.
You are immune to unholy pain and torment.
Your maximum health is greatly increased.
Your equipment is partially melded.
((You have a pair of horns on your head.))
((You reflexively headbutt those who attack you in melee.))


Message History

You block the eight-headed hydra's attack.
The eight-headed hydra bites you but does no damage.
Aiming: Quicksilver Bolt
Press: ? - help, Shift-Dir - straight line, f/p - eight-headed hydra
Aim: an eight-headed hydra (moderately wounded, 91% to hit)
The bolt of dispelling energy hits the eight-headed hydra!!
The eight-headed hydra is heavily wounded.
The eight-headed hydra bites you!
The eight-headed hydra bites you but does no damage. x2
You block the eight-headed hydra's attack.
The eight-headed hydra bites you but does no damage. x3
You block the eight-headed hydra's attack.
Aiming: Quicksilver Bolt
Press: ? - help, Shift-Dir - straight line, f/p - eight-headed hydra
Aim: an eight-headed hydra (heavily wounded, 91% to hit)
The bolt of dispelling energy hits the eight-headed hydra!
The eight-headed hydra is severely wounded.
The now-empty wand crumbles to dust.
You block the eight-headed hydra's attack.
The eight-headed hydra bites you but does no damage. x2
The eight-headed hydra bites you. x2; The eight-headed hydra bites you!
The eight-headed hydra bites you.
The eight-headed hydra bites you but does no damage.
Okay, then.
Unknown command.
You turn into a tree.
Your +0 cloak melds into your body.
The +1 pair of gloves of Trumpets {Str+7} melds into your body.
Your +0 plate armour melds into your body.
Your roots penetrate the ground.
The eight-headed hydra bites you but does no damage. x2
The eight-headed hydra bites you.
You block the eight-headed hydra's attack.
The eight-headed hydra bites you!
The eight-headed hydra bites you but does no damage.
The eight-headed hydra bites you. x2
Unknown command.
You feel very mighty all of a sudden.
The eight-headed hydra bites you but does no damage.
The eight-headed hydra bites you.
The eight-headed hydra bites you but does no damage. x3
You block the eight-headed hydra's attack.
The eight-headed hydra bites you.
The eight-headed hydra bites you but does no damage.
You hack one of the eight-headed hydra's heads off!
The seven-headed hydra grows two more!
You hit the nine-headed hydra.
The nine-headed hydra is heavily wounded.
The nine-headed hydra bites you but does no damage.
You block the nine-headed hydra's attack.
The nine-headed hydra bites you but does no damage.
You block the nine-headed hydra's attack.
The nine-headed hydra bites you but does no damage. x3
You block the nine-headed hydra's attack.
The nine-headed hydra bites you but does no damage.
You chop one of the nine-headed hydra's heads off!
The eight-headed hydra grows two more!
You slash the ten-headed hydra!
The ten-headed hydra is heavily wounded.
The ten-headed hydra bites you but does no damage. x6
You block the ten-headed hydra's attack.
The ten-headed hydra bites you but does no damage.
The ten-headed hydra bites you.
* * * LOW HITPOINT WARNING * * *
The ten-headed hydra bites you.
* * * LOW HITPOINT WARNING * * *
You barely miss the ten-headed hydra.
The ten-headed hydra is heavily wounded.
You slice one of the ten-headed hydra's heads off!
The nine-headed hydra grows two more!
You slice the 11-headed hydra!!
The 11-headed hydra is severely wounded.
You block the 11-headed hydra's attack.
The 11-headed hydra bites you but does no damage. x4
The 11-headed hydra bites you!
* * * LOW HITPOINT WARNING * * *
The 11-headed hydra bites you but does no damage. x3
The 11-headed hydra bites you.
* * * LOW HITPOINT WARNING * * *
The 11-headed hydra bites you but does no damage.
You slice one of the 11-headed hydra's heads off!
The ten-headed hydra grows two more!
You slash the 12-headed hydra!
The 12-headed hydra is severely wounded.
The 12-headed hydra bites you!
* * * LOW HITPOINT WARNING * * *
The 12-headed hydra bites you but does no damage. x2
You block the 12-headed hydra's attack.
The 12-headed hydra bites you but does no damage. x4
The 12-headed hydra bites you.
* * * LOW HITPOINT WARNING * * *
The 12-headed hydra bites you but does no damage.
The 12-headed hydra bites you.
* * * LOW HITPOINT WARNING * * *
You block the 12-headed hydra's attack.
You hack one of the 12-headed hydra's heads off!
The 11-headed hydra grows two more!
You slice the 13-headed hydra!!
The 13-headed hydra is severely wounded.
The 13-headed hydra bites you but does no damage. x4
The 13-headed hydra bites you.
* * * LOW HITPOINT WARNING * * *
The 13-headed hydra bites you but does no damage. x2
The 13-headed hydra bites you!
You die...

..?)/..+####
..........#
#........##### .
#............# .( #
#...........###...
#.###.##$.......#.....
<....##..............
#............$..... #
#.........♣D....... #.
#......###+###.....
###..##....<.# ...
.............+ .
.............#
###.###......# #
##+#####


You could see a 13-headed hydra.

Vanquished Creatures
  Erica (D:8)
  A centaur warrior (D:8)
  Pikel (D:7)
  Grinder (D:5)
  A shadow (D:9)
  2 water moccasins
  An orc warrior (D:7)
  5 black bears
  A centaur (D:6)
  2 ogres
  2 lemures (D:7)
  2 phantoms
  2 kobold brigands (D:7)
  2 bullfrogs
  A necrophage (D:6)
  2 scorpions (D:4)
  4 wights (D:8)
  4 howler monkeys (D:8)
  A centaur zombie (D:6)
  A bullfrog zombie (D:6)
  3 jellies
  2 hounds
  3 gnoll boudas
  3 orc priests
  2 iguanas
  6 orc wizards
  17 gnolls
  7 adders
  A shadow imp (D:7)
  2 white imps
  A worm (D:5)
  A dart slug (D:1)
  24 orcs
  8 endoplasms
  6 giant cockroaches
  4 hobgoblins
  5 jackals (D:1)
  13 kobolds
  5 quokkas
  6 ball pythons
  8 bats
  7 frilled lizards
  7 goblins
  8 rats
186 creatures vanquished.

Notes
Turn   | Place    | Note
-------+----------+-------------------------------------------
     0 | D:1      | Flugkiller the Minotaur Fighter began the quest for the
                  | Orb.
     0 | D:1      | Reached XP level 1. HP: 19/19 MP: 0/0
    58 | D:1      | Reached skill level 3 in Axes
    58 | D:1      | Reached XP level 2. HP: 26/27 MP: 1/1
   497 | D:1      | Reached XP level 3. HP: 33/33 MP: 2/2
   652 | D:1      | Found Unuqiupt's Magic Scroll Emporium.
   657 | D:1      | Bought a scroll of identify for 24 gold pieces
   844 | D:2      | Identified the +4 robe of Ecuobask {Dex+8}
   867 | D:2      | Reached skill level 4 in Axes
   965 | D:2      | Reached XP level 4. HP: 40/40 MP: 3/3
  1755 | D:3      | Found a faded altar of an unknown god.
  2026 | D:3      | Reached XP level 5. HP: 46/47 MP: 4/4
  2034 | D:3      | Reached skill level 5 in Axes
  2677 | D:4      | Reached skill level 5 in Armour
  2766 | D:4      | Found an ancient bone altar of Kikubaaqudgha.
  2809 | D:4      | Found a shimmering blue altar of Sif Muna.
  2809 | D:4      | Found a burning altar of Makhleb.
  2809 | D:4      | Found a bloodstained altar of Trog.
  3036 | D:4      | Reached skill level 5 in Fighting
  3036 | D:4      | Reached XP level 6. HP: 43/56 MP: 5/5
  3229 | D:4      | Reached skill level 6 in Axes
  3620 | D:4      | Identified a scroll of acquirement
  3620 | D:4      | Acquired the +1 pair of gloves of Trumpets {Str+7}
  3712 | D:4      | Reached XP level 7. HP: 61/61 MP: 6/6
  3909 | D:5      | Entered Level 5 of the Dungeon
  4008 | D:5      | Found a broken altar of Ashenzari.
  4014 | D:5      | Reached skill level 7 in Axes
  4054 | D:5      | Noticed Grinder
  4063 | D:5      | Paralysed by Grinder for 5 turns
  4086 | D:5      | Killed Grinder
  4876 | D:5      | Reached skill level 8 in Axes
  5033 | D:6      | Reached XP level 8. HP: 67/71 MP: 7/7
  5097 | D:6      | Reached skill level 9 in Axes
  6001 | D:6      | Found a basalt altar of Yredelemnul.
  6385 | D:7      | Noticed Pikel
  6395 | D:7      | Killed Pikel
  6396 | D:7      | Reached skill level 10 in Axes
  6423 | D:7      | Reached XP level 9. HP: 57/81 MP: 8/8
  6709 | D:7      | Found a staircase to the Ecumenical Temple.
  6894 | Temple   | Entered the Ecumenical Temple
  7035 | Temple   | Became a worshipper of Cheibriados the Contemplative
  7077 | D:7      | Found a runed translucent gate.
  7077 | D:7      | Found a runed translucent gate.
  7077 | D:7      | Found a runed translucent gate.
  7154 | D:7      | Reached skill level 11 in Axes
  7167 | D:7      | Reached skill level 1 in Invocations
  7326 | D:7      | Reached skill level 1 in Evocations
  7501 | D:7      | Noticed Plasmagod's ghost (novice HOMo)
  7801 | D:8      | Noticed Erica
  7818 | D:8      | Killed Erica
  8570 | D:8      | Reached * piety under Cheibriados
  8571 | D:8      | Reached XP level 10. HP: 76/91 MP: 10/10
  8679 | D:8      | Noticed a centaur warrior
  8694 | D:8      | Killed a centaur warrior
  8695 | D:8      | Reached skill level 12 in Axes
  9502 | D:9      | Noticed an orange crystal statue
  9529 | D:9      | Noticed an eight-headed hydra
  9545 | D:9      | Slain by a 13-headed hydra

Illustrated notes

Levels and vault maps discovered:
D:1:      eino_arrival_water_cross, layout_loops_cross, serial_shops, shop,
          minmay_lizard_pond
D:2:      layout_basic
D:3:      layout_loops_corners, shapermc_ecumenical_altar_mp_vishouse,
          nicolae_eternal_life
D:4:      layout_layer_cave, kiku_gazebo_pond_becter,
          gammafunk_temple_overflow_claw
D:5:      layout_loops_corners, evilmike_ruin_ashenzari, hex_large, uniq_grinder
D:6:      layout_layer_cave, lemuel_zombie_altar_yredelemnul
D:7:      layout_loops_ring, minmay_temple_entry_mini_moons,
          gammafunk_ghost_icy, uniq_pikel
D:8:      layout_basic, uniq_erica
D:9:      layout_basic, grunt_temple_overflow_open, minmay_variable_closet,
          minmay_hedge_maze, dk_vineyard_1, roderic_batcave,
          minmay_protected_statue, uniq_maggie
Temple:   nicolae_temple_x_marks_the_god

Skill      XL: |  1  2  3  4  5  6  7  8  9 10 |
---------------+-------------------------------+-----
Axes           | 3 4 5 6 8 10 11 12 | 12.3
Fighting       | 4 5 6 7 9 |  9.3
Armour         | 4 5 6 7 9 |  9.4
Invocations    | 2 3 |  3.2
Evocations     | 2 |  2.8
Shields        | |  3.6

Action                   |  1- 3 |  4- 6 |  7- 9 | 10-12 || total
-------------------------+-------+-------+-------+-------++-------
Melee: War axe           |    61 |   131 |   224 |    45 ||   461
       Headbutt          |    12 |    20 |    42 |     4 ||    78
Evoke: Wand              |       |       |     1 |     4 ||     5
  Use: Scroll            |     1 |     5 |     3 |     1 ||    10
       Potion            |       |     2 |     1 |     2 ||     5
Armor: Scale mail        |    28 |       |       |       ||    28
       Plate armour      |     7 |   103 |   167 |    43 ||   320
       Skin              |       |       |       |    42 ||    42
Dodge: Dodged            |    31 |    31 |   110 |    14 ||   186
Block: Buckler           |    13 |    31 |    49 |    22 ||   115
